 Dungeon Crawl Stone Soup version 0.30.1-1-g62c8e00024 (webtiles) character file.

Game seed: 1036567446317145839

2102 cheesebisquit the Cleaver (level 9, -6/79 HPs)
             Began as a Hill Orc Fighter on July 15, 2023.
             Was a Follower of Wu Jian.
             Mangled by a killer bee (7 damage)
             ... on level 6 of the Dungeon.
             The game lasted 00:23:17 (5694 turns).

cheesebisquit the Cleaver (Hill Orc Fighter)        Turns: 5694, Time: 00:23:17

Health: -6/79      AC:  3    Str: 19    XL:     9   Next: 28%
Magic:  13/13      EV: 11    Int: 21    God:    Wu Jian [*.....]
Gold:   54         SH:  5    Dex: 13    Spells: 0/13 levels left

rFire   . . .        a - +0 war axe
rCold   . . .        c - +0 buckler
rNeg    . . .        (no body armour)
rPois   .            G - +1 helmet of Bebyfef {Dex+3}
rElec   .            l - scarf "Ofydumot" {+Inv, Rampage Regen+ Int+3 Stlth+}
rCorr   .            J - +0 pair of gloves
SInv    .            (no boots)
Will    .....        N - amulet of magic regeneration
Stlth   ++           m - +6 ring of intelligence
HPRegen 1.13/turn    g - ring of wizardry
MPRegen 0.53/turn

%: rampage, wizardry (x1)
@: lethally poisoned (-6 -> -16)
A: no striking features
a: Renounce Religion, Evoke Invisibility


You were on level 6 of the Dungeon.
You worshipped Wu Jian.
Wu Jian was aware of your devotion.
You visited 2 branches of the dungeon, and saw 8 of its levels.

You collected 370 gold pieces.
You spent 316 gold pieces at shops.

Inventory:

Hand Weapons
 a - a +0 war axe (weapon)
Missiles
 s - 4 boomerangs (quivered)
 z - 6 datura-tipped darts
 L - 5 poisoned darts
Armour
 c - a +0 buckler (worn)
 l - the scarf "Ofydumot" (worn) {+Inv, Rampage Regen+ Int+3 Stlth+}
   (You found it on level 5 of the Dungeon)

   Int:       It affects your intelligence (+3).
   Regen:     It increases your rate of health regeneration.
   Rampage:   It bestows one free step when moving towards enemies.
   Stlth:     It makes you more stealthy.
 p - a +0 cloak
 r - a +0 plate armour
 G - the +1 helmet of Bebyfef (worn) {Dex+3}
   (You bought it in a shop on level 5 of the Dungeon)

   Dex:       It affects your dexterity (+3).
 H - +0 swamp dragon scales
 J - a +0 pair of gloves (worn)
 P - a +2 robe of positive energy
Jewellery
 e - a ring of flight
 g - a ring of wizardry (right hand)
 m - a +6 ring of intelligence (left hand)
 o - an amulet of regeneration
 F - a +6 ring of intelligence
 N - an amulet of magic regeneration (around neck)
Wands
 d - a wand of quicksilver (7)
 I - a wand of flame (5)
 M - a wand of iceblast (21)
Scrolls
 f - a scroll of blinking
 j - a scroll of acquirement {unknown}
 k - a scroll of silence {unknown}
 t - a scroll of summoning {unknown}
 u - a scroll of enchant armour {unknown}
 w - a scroll of immolation {unknown}
 y - a scroll of vulnerability
 A - a scroll of brand weapon {unknown}
 D - 2 scrolls of amnesia
 K - a scroll of torment {unknown}
 O - a scroll of magic mapping {unknown}
Potions
 h - a potion of lignification
 q - a potion of resistance
 x - 2 potions of brilliance
 B - a potion of degeneration {unknown}
 C - 2 potions of flight {unknown}
 E - a potion of mutation {unknown}


   Skills:
 + Level 7.3 Fighting
 * Level 10.2 Axes
 - Level 4.7 Armour
 - Level 5.0 Shields
 + Level 2.9 Spellcasting
 + Level 3.3 Translocations


You couldn't memorise any spells.
You knew the following spells:

 Your Spells              Type           Power      Damage    Failure   Level
a - Manifold Assault      Tloc           17%        N/A       16%         4
b - Blink                 Tloc           34%        N/A       2%          2
c - Storm Form            Tmut/Air       1%         N/A       100%        7

Your spell library contained the following spells:

 Spells                   Type           Power      Damage    Failure   Level
 Summon Small Mammal      Summ           12%        N/A       7%          1
 Call Canine Familiar     Summ           3%         N/A       21%         3
 Summon Guardian Golem    Hex/Summ       3%         N/A       21%         3


Dungeon Overview and Level Annotations

Branches:
Dungeon (7/15)             Temple (1/1) D:5

Altars:
Cheibriados
Dithmenos
Elyvilon
Fedhas
Gozag
Hepliaklqana
Kikubaaqudgha
Makhleb
Nemelex Xobeh
Okawaru
Qazlal
Ru
Sif Muna
Trog
Uskayaw
Vehumet
Wu Jian
Xom
Yredelemnul
Zin
The Shining One

Shops:
D:5 [

Annotations:
D:3 3 runed translucent doors, erynZofia's ghost, amateur DECj


Message History

You continue taking off your +2 robe of positive energy.
You feel very sick. The killer bee stings you.
You are more poisoned.
The killer bee poisons you! The killer bee barely misses you.
The killer bee stings you but does no damage.
The killer bee completely misses you. The killer bee barely misses you.
You finish taking off your +2 robe of positive energy.
You feel less protected from negative energy.
You feel very sick. The killer bee closely misses you.
You block the killer bee's attack.
Keep equipping yourself?
The killer bee barely misses you. x2
The killer bee stings you but does no damage.
The killer bee stings you.
You start putting on your armour.
You continue putting on your +0 swamp dragon scales.
You feel very sick. The killer bee stings you.
You are more poisoned.
The killer bee poisons you! The killer bee stings you!
The killer bee barely misses you. The killer bee stings you.
You are more poisoned.
The killer bee poisons you!
The killer bee stings you but does no damage.
The killer bee barely misses you.
You continue putting on your +0 swamp dragon scales.
You feel extremely sick.
The killer bee stings you but does no damage.
You block the killer bee's attack. The killer bee stings you!
* * * LOW HITPOINT WARNING * * *
The killer bee barely misses you.
The killer bee stings you but does no damage. x2
You continue putting on your +0 swamp dragon scales.
* * * LOW HITPOINT WARNING * * *
You feel very sick. The killer bee stings you!
* * * LOW HITPOINT WARNING * * *
You block the killer bee's attack. The killer bee stings you!
You die...

########.##.##.............##...#
.†...'.#.##...................###
########.......................##
^^^^^#.......###.....#.......###.
.#.#,#........##.....#.....####..
######........##.......##...#....
.......###...............##......
..###.####.####..###()..####..###
.## #.......# ##@##))....####.###
.####....#### #yyy...#........##.
.........# #....####..##.#.#..
.....##..# #....###..##....#..
...#.##..######.....#...#.......#
#..#####..##............§§§§#..##
#.###....)).............§§§##..##
######'''######.>.......§§§#....#
#...'.....'...#>##......§§§.§§..#


You could see 3 killer bees.

Vanquished Creatures
  Prince Ribbit (D:5)
  Sigmund (D:5)
  3 water moccasins
  A sky beast (D:6)
  A black bear (D:5)
  2 centaurs (D:6)
  A phantom (D:5)
  2 kobold brigands (D:6)
  A bullfrog (D:6)
  2 scorpions
  4 wights (D:4)
  A jelly (D:4)
  A sleepcap (D:6)
  3 iguanas
  An orc wizard (D:3)
  14 gnolls
  10 adders
  A shadow imp (D:5)
  2 white imps
  An ufetubus (D:5)
  2 worms
  2 dart slugs
  7 orcs
  11 ball pythons
  5 endoplasms
  4 giant cockroaches
  3 goblins
  8 hobgoblins
  3 jackals (D:1)
  13 kobolds
  3 quokkas
  6 bats
  3 frilled lizards
  4 rats
127 creatures vanquished.

Vanquished Creatures (others)
  An orc wizard (D:6)
1 creature vanquished.

Grand Total: 128 creatures vanquished

Notes
Turn   | Place    | Note
-------+----------+-------------------------------------------
     0 | D:1      | cheesebisquit the Hill Orc Fighter began the quest for the
                  | Orb.
     0 | D:1      | Reached XP level 1. HP: 19/19 MP: 1/1
    15 | D:1      | Reached skill level 3 in Axes
   134 | D:1      | Reached XP level 2. HP: 22/27 MP: 2/2
   511 | D:1      | Reached XP level 3. HP: 31/33 MP: 3/3
  1082 | D:2      | Reached skill level 4 in Axes
  1140 | D:2      | Reached XP level 4. HP: 37/40 MP: 4/4
  1634 | D:3      | Reached XP level 5. HP: 46/47 MP: 5/5
  1780 | D:3      | Found a runed translucent gate.
  1780 | D:3      | Found a runed translucent gate.
  1780 | D:3      | Found a runed translucent gate.
  1781 | D:3      | Noticed erynZofia's ghost (amateur DECj)
  1886 | D:3      | Noticed a +0 dagger
  1887 | D:3      | Noticed a +0 dagger
  1891 | D:3      | Found a hide-covered altar of Uskayaw.
  2323 | D:4      | Reached skill level 5 in Axes
  2452 | D:4      | Found an opulent altar of Gozag.
  2633 | D:4      | Reached XP level 6. HP: 49/55 MP: 6/6
  2638 | D:4      | Reached skill level 5 in Fighting
  2668 | D:4      | Reached skill level 6 in Axes
  2681 | D:4      | Reached XP level 7. HP: 31/61 MP: 7/7
  2821 | D:4      | Found a white marble altar of Elyvilon.
  2914 | D:4      | Found a basalt altar of Yredelemnul.
  3322 | D:4      | Learned a level 4 spell: Manifold Assault
  3325 | D:4      | Learned a level 2 spell: Blink
  3344 | D:5      | Entered Level 5 of the Dungeon
  3420 | D:5      | Found Zaoxtun's Antique Armour Emporium.
  3429 | D:5      | Bought an encrusted helmet for 228 gold pieces
  3429 | D:5      | Identified the +1 helmet of Bebyfef {Dex+3} (You bought it
                  | in a shop on level 5 of the Dungeon)
  3484 | D:5      | Noticed Prince Ribbit
  3487 | D:5      | Noticed Sigmund
  3609 | D:5      | Reached skill level 7 in Axes
  3700 | D:5      | Killed Sigmund
  3701 | D:5      | Reached skill level 5 in Shields
  3701 | D:5      | Reached skill level 1 in Spellcasting
  3701 | D:5      | Reached skill level 1 in Translocations
  3722 | D:5      | Found a bloodstained altar of Trog.
  3781 | D:5      | Killed Prince Ribbit
  3782 | D:5      | Reached XP level 8. HP: 46/70 MP: 8/10
  3811 | D:5      | Found a staircase to the Ecumenical Temple.
  3855 | D:5      | Identified the scarf "Ofydumot" {+Inv, Rampage Regen+ Int+3
                  | Stlth+}
  3922 | Temple   | Entered the Ecumenical Temple
  4044 | Temple   | Became a worshipper of the Wu Jian Council
  4122 | D:5      | Reached skill level 8 in Axes
  4440 | D:6      | Reached skill level 9 in Axes
  4483 | D:6      | Found a stormy altar of Qazlal.
  4647 | D:6      | Reached XP level 9. HP: 56/79 MP: 12/12
  4682 | D:6      | Learned a level 7 spell: Storm Form
  4705 | D:6      | Reached * piety under Wu Jian
  4967 | D:6      | Found a shimmering blue altar of Sif Muna.
  5000 | D:5      | Bought an embroidered robe for 88 gold pieces
  5118 | D:6      | Reached skill level 10 in Axes
  5256 | D:6      | Found a stormy altar of Qazlal.
  5258 | D:6      | Found a shimmering blue altar of Sif Muna.
  5694 | D:6      | HP: 1/79 [killer bee (9)]
  5694 | D:6      | Mangled by a killer bee

Illustrated notes

Levels and vault maps discovered:
D:1:      eino_arrival_water_cross, layout_rooms, serial_co_window_serial,
          co_window_paths_b, co_window_of_opportunity_a,
          co_window_of_opportunity_a, co_window_corner_a, co_window_corner_a,
          co_window_of_opportunity_b, co_window_corner_cb, co_window_corner_ca,
          co_window_broadway_a, co_window_corner_b, co_window_corner_b,
          co_window_unsneaky_path_c, glass_columns_a, glass_columns_b,
          glass_columns_a, glass_columns_b, glass_columns_c, chequers_jeans
D:2:      layout_loops_ring, hangedman_decor_clover_reticule
D:3:      layout_loops_ring, dancing_weapons_uskayaw, ebering_ghost_rock_garden,
          minmay_close_crescents
D:4:      layout_basic, kennysheep_ying_yang, grunt_gozag_breadcrumbs
D:5:      layout_cave_pools, nicolae_overflow_crystal_walls,
          minmay_temple_entry_overgrown, serial_shops, shop, hex_large,
          minmay_misc_feat_chi, kennysheep_generic_room_15, uniq_sigmund,
          uniq_prince_ribbit1
D:6:      layout_cave_pools, mainiacjoe_overflow_big_doors, grunt_tough_drop
D:7:      layout_rooms, serial_curves, eino_curves_02, eino_curves_03,
          eino_curves_01, eino_curves_01, minmay_ruffians
Temple:   nicolae_temple_two_arcs

Skill      XL: |  1  2  3  4  5  6  7  8  9 |
---------------+----------------------------+-----
Axes           | 3 4 5 6 7 9 10 | 10.2
Fighting       | 4 5 6 7 |  7.3
Armour         | 4 |  4.7
Shields        | 4 5 |  5.0
Spellcasting   | 1 2 |  2.9
Translocations | 1 3 |  3.3

Action                     |  1- 3 |  4- 6 |  7- 9 || total
---------------------------+-------+-------+-------++-------
  Melee: War axe           |   100 |   138 |   228 ||   466
  Throw: Boomerang         |       |    22 |    62 ||    84
   Cast: Manifold Assault  |       |       |     2 ||     2
  Evoke: Wand              |       |       |     7 ||     7
    Use: Scroll            |       |     3 |    12 ||    15
         Potion            |       |     2 |     8 ||    10
   Stab: Sleeping          |       |       |     1 ||     1
 Armour: Scale mail        |    60 |    60 |       ||   120
         Plate armour      |       |    30 |     4 ||    34
         Robe              |       |       |    73 ||    73
         Skin              |       |       |     5 ||     5
  Dodge: Dodged            |    48 |    56 |   161 ||   265
  Block: Buckler           |    27 |    34 |    64 ||   125
